PA
MANCELONA TORCH @ YELLOWKNIFE DRAGONBLOOD
08/19/2023
 
TOP OF THE 1ST
Mancelona Torch batting - Pitching for Yellowknife Dragonblood : RHP Yura Edel
Pitching: RHP Yura Edel
Batting: RHB Jim Unknown 0-0: Ball
1-0: Ball
2-0: Ball
3-0: Called Strike
3-1: Called Strike
3-2: Fly out, F8 (Flyball, 8LM)
Batting: RHB Ricardo Cardenas 0-0: SOLO HOME RUN (Flyball, 7D), Distance : 364 ft
Batting: LHB Manuel Carmona 0-0: Foul Ball, location: 2F
0-1: Ball
1-1: Ball
2-1: Foul Ball, location: 2F
2-2: Fly out, F3 (Popup, 3F)
Batting: RHB Juan Carlos Cruz 0-0: Ball
1-0: SINGLE (Line Drive, 8RS)
Batting: RHB Ron Thomas 0-0: Foul Ball, location: 2F
0-1: Called Strike
0-2: Ball
1-2: Ball
2-2: Foul Ball, location: 2F
2-2: Ground out 5-3 (Groundball, 56S)
Top of the 1st over - 1 run(s), 2 hit(s), 0 error(s), 1 left on base; Mancelona 1 - Yellowknife 0
BOTTOM OF THE 1ST
Yellowknife Dragonblood batting - Pitching for Mancelona Torch : RHP Pedro Núñez
Pitching: RHP Pedro Núñez
Batting: LHB Ramón Guzmán 0-0: Foul Ball, location: 2F
0-1: Foul Ball, location: 2F
0-2: Ball
1-2: Foul Ball, location: 2F
1-2: Foul Ball, location: 2F
1-2: Foul Ball, location: 2F
1-2: Ball
2-2: Ball
3-2: Ground out 1-3 (Groundball, 15)
Batting: RHB Dave Schroeder 0-0: Ball
1-0: Called Strike
1-1: Called Strike
1-2: Strikes out swinging
Batting: RHB Tomás Martínez 0-0: Called Strike
0-1: Ball
1-1: Hit by Pitch
Batting: RHB Flemming O'Neill 0-0: Called Strike
0-1: Called Strike
0-2: Ball
1-2: Hit by Pitch
Tomás Martínez to second
Batting: LHB José Serna 0-0: Ball
1-0: Ball
2-0: Ball
3-0: Base on Balls
Tomás Martínez to third
Flemming O'Neill to second
Batting: RHB Ron Morton 0-0: Called Strike
0-1: Ball
1-1: Called Strike
1-2: Fly out, F9 (Flyball, 89S)
Bottom of the 1st over - 0 run(s), 0 hit(s), 0 error(s), 3 left on base; Mancelona 1 - Yellowknife 0
TOP OF THE 2ND
Mancelona Torch batting - Pitching for Yellowknife Dragonblood : RHP Yura Edel
Batting: RHB Henry Lambright 0-0: Fly out, F9 (Flyball, 89S)
Batting: RHB Jim Unknown 0-0: Ball
1-0: Ball
2-0: Ball
3-0: Base on Balls
Batting: RHB Bert Cook 0-0: Called Strike
0-1: Ball
1-1: Foul Ball, location: 2F
1-2: Foul Ball, location: 2F
1-2: Ball
2-2: Ball
3-2: Base on Balls
Jim Unknown to second
Batting: RHB Jim Unknown 0-0: Foul Ball, location: 2F
0-1: Foul Ball, location: 2F
0-2: Ball
1-2: Ball
2-2: Strikes out swinging
Batting: RHB Jim Unknown 0-0: Called Strike
0-1: Foul Ball, location: 2F
0-2: Ball
1-2: Ball
2-2: Fly out, F7 (Flyball, 78M)
Top of the 2nd over - 0 run(s), 0 hit(s), 0 error(s), 2 left on base; Mancelona 1 - Yellowknife 0
BOTTOM OF THE 2ND
Yellowknife Dragonblood batting - Pitching for Mancelona Torch : RHP Pedro Núñez
Batting: RHB Sacha Nieuwenburg 0-0: Swinging Strike
0-1: Ball
1-1: Ball
2-1: Foul Ball, location: 2F
2-2: Strikes out looking
Batting: RHB Rodriguo Condea 0-0: Ball
1-0: Called Strike
1-1: Foul Ball, location: 2F
1-2: Ground out 1-3 (Groundball, 13S)
Batting: LHB Jon Baxter 0-0: Called Strike
0-1: Called Strike
0-2: Strikes out swinging
Bottom of the 2nd over - 0 run(s), 0 hit(s), 0 error(s), 0 left on base; Mancelona 1 - Yellowknife 0
TOP OF THE 3RD
Mancelona Torch batting - Pitching for Yellowknife Dragonblood : RHP Yura Edel
Batting: RHB Ricardo Cardenas 0-0: Ball
1-0: Ball
2-0: Swinging Strike
2-1: Ball
3-1: Foul Ball, location: 2F
3-2: Foul Ball, location: 2F
3-2: Strikes out swinging
Batting: LHB Manuel Carmona 0-0: Called Strike
0-1: Foul Ball, location: 2F
0-2: Strikes out swinging
Batting: RHB Juan Carlos Cruz 0-0: Ball
1-0: Swinging Strike
1-1: Foul Ball, location: 2F
1-2: Ball
2-2: Ball
3-2: Foul Ball, location: 2F
3-2: Base on Balls
Batting: RHB Ron Thomas 0-0: Called Strike
0-1: Ball
1-1: Ball
2-1: Ball
3-1: Foul Ball, location: 2F
3-2: Base on Balls
Juan Carlos Cruz to second
Batting: RHB Henry Lambright 0-0: Ball
1-0: Called Strike
1-1: Called Strike
1-2: Ball
2-2: Ball
3-2: Foul Ball, location: 2F
3-2: Base on Balls
Juan Carlos Cruz to third
Ron Thomas to second
Batting: RHB Jim Unknown 0-0: Ball
1-0: Ball
2-0: Ball
3-0: Base on Balls
Juan Carlos Cruz scores
Ron Thomas to third
Henry Lambright to second
Batting: RHB Bert Cook 0-0: Called Strike
0-1: Fielders Choice at 2nd, U6 (Groundball, 6M)
Top of the 3rd over - 1 run(s), 0 hit(s), 0 error(s), 3 left on base; Mancelona 2 - Yellowknife 0
BOTTOM OF THE 3RD
Yellowknife Dragonblood batting - Pitching for Mancelona Torch : RHP Pedro Núñez
Batting: LHB Ramón Guzmán 0-0: Called Strike
0-1: Called Strike
0-2: Ball
1-2: Ball
2-2: Strikes out swinging
Batting: RHB Dave Schroeder 0-0: Foul Ball, location: 2F
0-1: Called Strike
0-2: Ball
1-2: Strikes out looking
Batting: RHB Tomás Martínez 0-0: DOUBLE (Flyball, 8LXD)
Batting: RHB Flemming O'Neill 0-0: Called Strike
0-1: Called Strike
0-2: Strikes out swinging passed ball, reaches first!
Tomás Martínez to third
Batting: LHB José Serna 0-0: Ball
1-0: Swinging Strike
1-1: Swinging Strike
1-2: Fly out, F8 (Flyball, 8RD)
Bottom of the 3rd over - 0 run(s), 1 hit(s), 0 error(s), 2 left on base; Mancelona 2 - Yellowknife 0
TOP OF THE 4TH
Mancelona Torch batting - Pitching for Yellowknife Dragonblood : RHP Yura Edel
Batting: RHB Jim Unknown 0-0: Ball
1-0: Ball
2-0: Ground out 5-3 (Groundball, 56)
Pitching: RHP Roy Gartner
Batting: RHB Jim Unknown 0-0: Called Strike
0-1: Swinging Strike
0-2: Strikes out swinging
Batting: RHB Ricardo Cardenas 0-0: Called Strike
0-1: Ball
1-1: Foul Ball, location: 2F
1-2: Ball
2-2: Foul Ball, location: 2F
2-2: Foul Ball, location: 2F
2-2: Foul Ball, location: 2F
2-2: Ball
3-2: Strikes out swinging
Top of the 4th over - 0 run(s), 0 hit(s), 0 error(s), 0 left on base; Mancelona 2 - Yellowknife 0
BOTTOM OF THE 4TH
Yellowknife Dragonblood batting - Pitching for Mancelona Torch : RHP Pedro Núñez
Batting: RHB Ron Morton 0-0: Ball
1-0: Foul Ball, location: 2F
1-1: Ground out 1-3 (Groundball, 23)
Batting: RHB Sacha Nieuwenburg 0-0: Ball
1-0: Called Strike
1-1: Foul Ball, location: 2F
1-2: Foul Ball, location: 2F
Error on foul ball, E3
1-2: Ball
2-2: SINGLE (Line Drive, 8LS)
Batting: RHB Rodriguo Condea 0-0: Ball
1-0: Ball
2-0: Ball
3-0: Base on Balls
Sacha Nieuwenburg to second
Batting: LHB Jon Baxter 0-0: Called Strike
0-1: Foul Ball, location: 2F
0-2: Ball
1-2: Ground out 3-1 (Groundball, 34)
Sacha Nieuwenburg to third
Rodriguo Condea to second
Batting: LHB Ramón Guzmán 0-0: Ball
1-0: Ball
2-0: Ball
3-0: Swinging Strike
3-1: Swinging Strike
3-2: Strikes out swinging
Bottom of the 4th over - 0 run(s), 1 hit(s), 1 error(s), 2 left on base; Mancelona 2 - Yellowknife 0
TOP OF THE 5TH
Mancelona Torch batting - Pitching for Yellowknife Dragonblood : RHP Roy Gartner
Batting: LHB Manuel Carmona 0-0: Foul Ball, location: 2F
0-1: SINGLE (Line Drive, 8LS)
Batting: RHB Juan Carlos Cruz 0-0: Called Strike
0-1: Ball
1-1: Foul Ball, location: 2F
1-2: Strikes out swinging
Batting: RHB Ron Thomas 0-0: Called Strike
Manuel Carmona steals 2nd base
0-1: Ball
1-1: Ball
2-1: Foul Ball, location: 2F
2-2: Strikes out looking
Batting: RHB Henry Lambright 0-0: Called Strike
0-1: Swinging Strike
0-2: Ball
1-2: Ball
2-2: Ground out 4-3 (Groundball, 34)
Top of the 5th over - 0 run(s), 1 hit(s), 0 error(s), 1 left on base; Mancelona 2 - Yellowknife 0
BOTTOM OF THE 5TH
Yellowknife Dragonblood batting - Pitching for Mancelona Torch : RHP Pedro Núñez
Batting: RHB Dave Schroeder 0-0: Called Strike
0-1: Swinging Strike
0-2: Ball
1-2: Strikes out swinging
Batting: RHB Tomás Martínez 0-0: Ground out 6-3 (Groundball, 56)
Batting: RHB Flemming O'Neill 0-0: Ball
1-0: Foul Ball, location: 2F
1-1: Ball
2-1: Ball
3-1: Base on Balls
Batting: LHB José Serna 0-0: Called Strike
0-1: Ball
1-1: Called Strike
1-2: SINGLE (Groundball, 4MD) (infield hit)
Flemming O'Neill to second
Batting: RHB Ron Morton 0-0: Foul Ball, location: 2F
0-1: SINGLE (Groundball, 56D)
Flemming O'Neill to third
José Serna to second
Runner from 3rd tries for Home, SAFE, no throw or cutoff
Batting: RHB Sacha Nieuwenburg 0-0: Ball
1-0: Called Strike
1-1: Ball
2-1: Called Strike
2-2: Foul Ball, location: 2F
2-2: Foul Ball, location: 2F
2-2: Ball
3-2: 3-RUN HOME RUN (Flyball, 7LD), Distance : 344 ft
Batting: RHB Rodriguo Condea 0-0: Called Strike
0-1: Ball
1-1: Ball
2-1: Ball
3-1: Ground out 5-3 (Groundball, 5L)
Bottom of the 5th over - 4 run(s), 3 hit(s), 0 error(s), 0 left on base; Mancelona 2 - Yellowknife 4
TOP OF THE 6TH
Mancelona Torch batting - Pitching for Yellowknife Dragonblood : RHP Roy Gartner
Batting: RHB Jim Unknown 0-0: Ball
1-0: Called Strike
1-1: Foul Ball, location: 2F
1-2: Ball
2-2: Foul Ball, location: 2F
2-2: DOUBLE (Line Drive, 9LM)
Batting: RHB Bert Cook 0-0: Called Strike
0-1: Called Strike
0-2: Strikes out swinging
Batting: RHB Jim Unknown 0-0: Ball
1-0: Ball
2-0: Called Strike
2-1: Foul Ball, location: 2F
2-2: SINGLE (Groundball, 6D)
Jim Unknown to third
Runner from 3rd tries for Home, SAFE, throw made home
Jim Unknown to second
Batting: RHB Jim Unknown 0-0: Ball
1-0: Ball
2-0: Ball
3-0: Called Strike
3-1: Base on Balls
Batting: RHB Ricardo Cardenas 0-0: Called Strike
0-1: Ball
1-1: Foul Ball, location: 2F
1-2: SINGLE (Flyball, 7S)
Jim Unknown to third
Jim Unknown to second
Runner from 3rd tries for Home, SAFE, no throw or cutoff
Pitching: LHP Roberto Cabrera
Batting: LHB Manuel Carmona 0-0: Ball
1-0: Called Strike
1-1: Ball
2-1: Fly out, F5 (Popup, 5L)
Pitching: LHP Jorge Sánchez
Batting: RHB Juan Carlos Cruz 0-0: SINGLE (Line Drive, 34D)
Jim Unknown to third
Ricardo Cardenas to second
Runner from 3rd tries for Home, SAFE, no throw or cutoff
Batting: RHB Ron Thomas 0-0: Ball
1-0: Ball
2-0: Called Strike
2-1: Ball
3-1: Base on Balls
Ricardo Cardenas to third
Juan Carlos Cruz to second
Batting: RHB Henry Lambright 0-0: Called Strike
0-1: Ball
1-1: Foul Ball, location: 2F
1-2: Foul Ball, location: 2F
1-2: Strikes out swinging
Top of the 6th over - 3 run(s), 4 hit(s), 0 error(s), 3 left on base; Mancelona 5 - Yellowknife 4
BOTTOM OF THE 6TH
Yellowknife Dragonblood batting - Pitching for Mancelona Torch : RHP Pedro Núñez
Batting: LHB Jon Baxter 0-0: Ball
1-0: Ball
2-0: Called Strike
2-1: Ball
3-1: Foul Ball, location: 2F
3-2: SINGLE (Groundball, 4M)
Pitching: RHP Earl Simmons
Batting: LHB Ramón Guzmán 0-0: Ball
1-0: Bunted foul
1-1: Bunted foul
1-2: Fly out, F3 (Popup, 3SF)
Batting: RHB Dave Schroeder 0-0: Ball
Jon Baxter is caught stealing 2nd base
1-0: Called Strike
1-1: Ball
2-1: Fly out, F8 (Line Drive, 8LM)
Bottom of the 6th over - 0 run(s), 1 hit(s), 0 error(s), 0 left on base; Mancelona 5 - Yellowknife 4
TOP OF THE 7TH
Mancelona Torch batting - Pitching for Yellowknife Dragonblood : LHP Jorge Sánchez
Batting: RHB Jim Unknown 0-0: SOLO HOME RUN (Flyball, 7D), Distance : 366 ft
Batting: RHB Bert Cook 0-0: Swinging Strike
0-1: Foul Ball, location: 2F
0-2: Strikes out swinging
Batting: RHB Jim Unknown 0-0: Foul Ball, location: 2F
0-1: Ball
1-1: Ball
2-1: Foul Ball, location: 2F
2-2: Strikes out looking
Batting: RHB Jim Unknown 0-0: Ball
1-0: Foul Ball, location: 2F
1-1: Ball
2-1: Hit by Pitch
Batting: RHB Ricardo Cardenas 0-0: Ball
1-0: Ball
2-0: Called Strike
2-1: Foul Ball, location: 2F
2-2: Strikes out swinging
Top of the 7th over - 1 run(s), 1 hit(s), 0 error(s), 1 left on base; Mancelona 6 - Yellowknife 4
BOTTOM OF THE 7TH
Yellowknife Dragonblood batting - Pitching for Mancelona Torch : RHP Earl Simmons
Batting: RHB Tomás Martínez 0-0: Called Strike
0-1: Ball
1-1: SINGLE (Flyball, 8LS)
Batting: RHB Flemming O'Neill 0-0: Called Strike
0-1: Ball
1-1: Called Strike
1-2: Foul Ball, location: 2F
1-2: Grounds into double play, 4-6-3 (Groundball, 4)
Batting: LHB José Serna 0-0: Reached on error, E4 (Groundball, 4)
Batting: RHB Ron Morton 0-0: Ball
1-0: Ball
2-0: Swinging Strike
2-1: Called Strike
2-2: Foul Ball, location: 2F
2-2: Ground out 4-3 (Groundball, 4M)
Bottom of the 7th over - 0 run(s), 1 hit(s), 1 error(s), 1 left on base; Mancelona 6 - Yellowknife 4
TOP OF THE 8TH
Mancelona Torch batting - Pitching for Yellowknife Dragonblood : LHP Jorge Sánchez
Batting: LHB Manuel Carmona 0-0: Called Strike
0-1: Ball
1-1: Foul Ball, location: 2F
1-2: Foul Ball, location: 2F
1-2: Ground out 4-3 (Groundball, 4)
Pitching: RHP Miguel Cervantes
Batting: RHB Juan Carlos Cruz 0-0: Ball
1-0: Foul Ball, location: 2F
1-1: Foul Ball, location: 2F
1-2: Foul Ball, location: 2F
1-2: Ball
2-2: Foul Ball, location: 2F
2-2: Strikes out looking
Batting: RHB Ron Thomas 0-0: Foul Ball, location: 2F
0-1: Ball
1-1: Ball
2-1: Foul Ball, location: 2F
2-2: Strikes out swinging
Top of the 8th over - 0 run(s), 0 hit(s), 0 error(s), 0 left on base; Mancelona 6 - Yellowknife 4
BOTTOM OF THE 8TH
Yellowknife Dragonblood batting - Pitching for Mancelona Torch : RHP Earl Simmons
Batting: RHB Sacha Nieuwenburg 0-0: Ball
1-0: Called Strike
1-1: Ball
2-1: Foul Ball, location: 2F
2-2: Ground out 6-3 (Groundball, 6)
Batting: RHB Rodriguo Condea 0-0: Called Strike
0-1: Ball
1-1: Ball
2-1: Called Strike
2-2: Fly out, F3 (Popup, 34S)
Batting: LHB Jon Baxter 0-0: Ball
1-0: Ball
2-0: Ball
3-0: Called Strike
3-1: Base on Balls
Pitching: RHP Jim Unknown
Batting: LHB Ramón Guzmán 0-0: Ball
1-0: Foul Ball, location: 2F
1-1: Called Strike
1-2: Ball
2-2: DOUBLE (Groundball, 3L)
Jon Baxter to third
Runner from 3rd tries for Home, SAFE, no throw or cutoff
Pinch Hitting: RHB Ray Flynn 0-0: Ball
1-0: Fly out, F8 (Flyball, 8LD)
Bottom of the 8th over - 1 run(s), 1 hit(s), 0 error(s), 1 left on base; Mancelona 6 - Yellowknife 5
TOP OF THE 9TH
Mancelona Torch batting - Pitching for Yellowknife Dragonblood : RHP Miguel Cervantes
Now in RF: Ray Flynn
Batting: RHB Henry Lambright 0-0: Foul Ball, location: 2F
0-1: Ground out 6-3 (Groundball, 6)
Batting: RHB Jim Unknown 0-0: Ball
1-0: Called Strike
1-1: Called Strike
1-2: SINGLE (Flyball, 7LM)
Batting: RHB Bert Cook 0-0: Ball
1-0: Ball
2-0: Foul Ball, location: 2F
2-1: Ball
3-1: Foul Ball, location: 2F
3-2: Base on Balls
Jim Unknown to second
Batting: RHB Jim Unknown 0-0: Called Strike
0-1: Ball
1-1: Foul Ball, location: 2F
1-2: Foul Ball, location: 2F
1-2: Foul Ball, location: 2F
1-2: SINGLE (Line Drive, 78S)
Jim Unknown to third
Bert Cook to second
Batting: RHB Jim Unknown 0-0: Ball
1-0: Called Strike
1-1: Fly out, F3 (Popup, 3DF)
Batting: RHB Ricardo Cardenas 0-0: DOUBLE (Line Drive, 7LM)
Jim Unknown scores
Bert Cook scores
Jim Unknown to third
Runner from 3rd tries for Home, SAFE, no throw or cutoff
Pitching: RHP Héctor Silva
Batting: LHB Manuel Carmona 0-0: Ground out 2-3 (Groundball, 25)
Top of the 9th over - 3 run(s), 3 hit(s), 0 error(s), 1 left on base; Mancelona 9 - Yellowknife 5
BOTTOM OF THE 9TH
Yellowknife Dragonblood batting - Pitching for Mancelona Torch : RHP Jim Unknown
Pitching: LHP Jim Unknown
Batting: RHB Tomás Martínez 0-0: Called Strike
0-1: Swinging Strike
0-2: Ball
1-2: Ball
2-2: Strikes out swinging
Batting: RHB Flemming O'Neill 0-0: Ground out 5-3 (Groundball, 56)
Batting: LHB José Serna 0-0: Swinging Strike
0-1: Called Strike
0-2: Strikes out swinging
Bottom of the 9th over - 0 run(s), 0 hit(s), 0 error(s), 0 left on base; Mancelona 9 - Yellowknife 5
This league is powered by Out of the Park Baseball, the baseball management simulation game for PC, Mac and Linux
Friday, July 8th, 2016 - OOTP Baseball 16.9 Build 39